 Dungeon Crawl Stone Soup version 0.27-a0-668-gb5737ff2c0 (webtiles) character file.

Game seed: 12707109304240140916

280 robertstho the Shooter (level 6, -10/53 HPs)
             Began as a Minotaur Hunter on Mar 17, 2021.
             Mangled by Pikel
             ... wielding a +2 whip of electrocution
              (19 damage)
             ... on level 6 of the Dungeon.
             The game lasted 00:04:24 (3539 turns).

robertstho the Shooter (Minotaur Hunter)            Turns: 3539, Time: 00:04:25

Health: -10/53     AC:  8    Str: 23    XL:     6   Next: 5%
Magic:  0/5        EV:  8    Int:  8    God:
Gold:   236        SH:  0    Dex: 12    Spells: 5/5 levels left

rFire    . . .     SeeInvis .   d - +0 falchion
rCold    . . .     Faith    .   (no shield)
rNeg     . . .     Spirit   +   f - +0 chain mail
rPois    .         Reflect  .   (helmet restricted)
rElec    .         Harm     .   (no cloak)
rCorr    .         Rampage  .   (no gloves)
Will     .....                  (no boots)
Stlth    ..........             c - amulet of guardian spirit
HPRegen  0.17/turn              q - +6 ring of strength
MPRegen  0.09/turn              (no ring)

@: lethally poisoned (-10 -> -11)
A: horns 2, retaliatory headbutt
a: no special abilities


You were on level 6 of the Dungeon.
You visited 1 branch of the dungeon, and saw 6 of its levels.

You collected 236 gold pieces.

Inventory:

Hand Weapons
 a - a +1 shortbow
 d - a +0 falchion (weapon)
Armour
 f - a +0 chain mail (worn)
Jewellery
 c - an amulet of guardian spirit (around neck)
 q - a +6 ring of strength (right hand)
Scrolls
 i - a scroll of holy word {unknown}
 k - a scroll of magic mapping {unknown}
 m - a scroll of noise {unknown}
 o - 2 scrolls of teleportation {unknown}
 s - a scroll of identify
Potions
 b - 2 potions of degeneration {unknown}
 e - a potion of ambrosia {unknown}
 h - a potion of flight
 j - 2 potions of mutation {unknown}
 l - a potion of might {unknown}
 n - 2 potions of curing {unknown}
 r - a potion of lignification {unknown}


   Skills:
 * Level 4.4 Fighting
 + Level 1.1 Long Blades
 * Level 6.6 Bows
 + Level 2.1 Armour
 + Level 2.5 Dodging
 - Level 0.7 Stealth


You had 5 spell levels left.
You didn't know any spells.
Your spell library contained the following spells:

 Spells                   Type           Power      Damage    Failure   Level
 Apportation              Tloc           0%         N/A       98%         1
 Lesser Beckoning         Tloc           0%         N/A       100%        3
 Tukima's Dance           Hex            0%         N/A       100%        3
 Alistair's Intoxication  Tmut/Pois      0%         N/A       100%        5
 Invisibility             Hex            0%         N/A       100%        6


Dungeon Overview and Level Annotations

Branches:
Dungeon (7/15)
 Temple: D:4-7

Altars:
Fedhas
Gozag
Qazlal
The Shining One

Shops:
D:4 =

Annotations:
D:6 Pikel


Innate Abilities, Weirdness & Mutations

You have a pair of horns on your head.
You reflexively headbutt those who attack you in melee.


Message History

Press: ? - help, Q - select action Shift-Dir - straight line, f/p - Pikel
Aim: Pikel, wielding a +2 whip of electrocution and wearing a +0 robe (severely wounded, unusually resistant, 58% to hit)
You shoot an arrow. The arrow hits Pikel.
Pikel is severely wounded.
Pikel hits you with a +2 whip of electrocution.
Fire: 3 arrows
Press: ? - help, Q - select action Shift-Dir - straight line, f/p - Pikel
Aim: Pikel, wielding a +2 whip of electrocution and wearing a +0 robe (severely wounded, unusually resistant, 58% to hit)
You shoot an arrow. The lemure shouts!
The arrow hits Pikel.
Pikel is severely wounded.
You feel sick.
Pikel hits you with a +2 whip of electrocution.
You are electrocuted!
* * * LOW HITPOINT WARNING * * *
You feel much better.
Pikel hits you with a +2 whip of electrocution.
You are electrocuted!
Fire: 2 arrows
Press: ? - help, Q - select action Shift-Dir - straight line, f/p - Pikel
Aim: Pikel, wielding a +2 whip of electrocution and wearing a +0 robe (severely wounded, unusually resistant, 58% to hit)
You shoot an arrow. The arrow hits Pikel.
Pikel is almost dead.
Pikel hits you with a +2 whip of electrocution.
You are electrocuted!
* * * LOW HITPOINT WARNING * * *
Fire: arrow
Press: ? - help, Q - select action Shift-Dir - straight line, f/p - Pikel
Aim: Pikel, wielding a +2 whip of electrocution and wearing a +0 robe (almost dead, unusually resistant, 58% to hit)
You shoot an arrow. The arrow misses Pikel.
The arrow hits the lemure but does no damage.
You feel sick. Pikel barely misses you. You furiously retaliate!
You headbutt Pikel.
d - a +0 falchion (weapon)
Pikel barely misses you.
You hit Pikel but do no damage.
Pikel is almost dead.
Pikel hits you but does no damage.
You are electrocuted!!
You die...

# ..# #.
##.##
#.###...## #
..#<....##.#
#.......#.#
#........#
#.....# #
##>.5####.#
#(..55K@..#
#.#.########
#.##.# #!S
#.# ## .5.
#K. .5. ##


You could see Pikel (resistant) and 3 lemures.

Vanquished Creatures
  A howler monkey (D:4)
  A quasit (D:6)
  2 orc priests (D:3)
  A worker ant (D:4)
  3 adders
  An adder skeleton (D:4)
  2 worms (D:2)
  2 dart slugs
  2 leopard geckos
  12 orcs (D:3)
  3 bats
  4 giant cockroaches
  4 hobgoblins
  9 jackals
  A quokka (D:3)
  4 frilled lizards
  9 goblins
  8 kobolds
  12 rats
81 creatures vanquished.

Notes
Turn   | Place    | Note
-------+----------+-------------------------------------------
     0 | D:1      | robertstho the Minotaur Hunter began the quest for the Orb.
     0 | D:1      | Reached XP level 1. HP: 18/18 MP: 0/0
   255 | D:1      | Reached XP level 2. HP: 25/25 MP: 1/1
   991 | D:1      | Reached skill level 5 in Bows
  1086 | D:2      | Found an opulent altar of Gozag.
  1126 | D:2      | Reached XP level 3. HP: 25/30 MP: 2/2
  1233 | D:2      | Found a glowing golden altar of the Shining One.
  1582 | D:2      | Found a stormy altar of Qazlal.
  2044 | D:3      | Reached XP level 4. HP: 25/38 MP: 1/3
  2393 | D:3      | Reached skill level 6 in Bows
  2393 | D:3      | Reached skill level 1 in Armour
  2393 | D:3      | Reached XP level 5. HP: 32/46 MP: 2/4
  3061 | D:4      | Found a blossoming altar of Fedhas.
  3308 | D:4      | Found Sail's Jewellery Shop.
  3473 | D:4      | Reached skill level 1 in Long Blades
  3503 | D:4      | You fall into a shaft and drop 3 floors!
  3504 | D:7      | Noticed an ice beast
  3511 | D:6      | Noticed a lemure
  3511 | D:6      | Noticed Pikel
  3512 | D:6      | Noticed a lemure
  3519 | D:6      | Reached XP level 6. HP: 50/53 MP: 2/5
  3539 | D:6      | Mangled by Pikel

Illustrated notes

Levels and vault maps discovered:
D:1:      amcnicky_arrival_blooded_trapdoor, layout_loops_cross,
          patterned_corridor
D:2:      layout_loops_cross, lemuel_coloured_pillars_altar, tso_metal_star,
          nicolae_gozag_cash_rules_everything_around_me
D:3:      cheibrodos_pilgrimage, layout_basic
D:4:      layout_basic, fedhas_altar_1, serial_shops, shop_statue
D:6:      layout_loops_ring, minmay_temple_entry_poolview,
          gup_sewer_entry_bubbles, serial_shops, shop,
          ebering_ghost_reflecting_pool, nrook_pool_corridor,
          palyth_stone_intersect, uniq_pikel, uniq_edmund
D:7:      layout_layer_cave, enter_bailey_2

Skill      XL: |  1  2  3  4  5 |
---------------+----------------+-----
Bows           | 5 6 |  6.6
Fighting       | 3 4 |  4.4
Armour         | 1 2 |  2.1
Long Blades    | 1 |  1.1
Dodging        | |  2.5
Stealth        | |  0.7

Action                   |  1- 3 |  4- 6 || total
-------------------------+-------+-------++-------
Melee: Short sword       |    16 |       ||    16
       Headbutt          |     7 |     9 ||    16
       Falchion          |       |    45 ||    45
 Fire: Shortbow          |   148 |    42 ||   190
  Use: Potion            |       |     3 ||     3
       Scroll            |       |     2 ||     2
Armor: Ring mail         |    18 |     3 ||    21
       Chain mail        |       |    41 ||    41
Dodge: Dodged            |    33 |    52 ||    85
       Rpst.: Falchion   |       |    11 ||    11

Table legend: (Time is in decaauts)
 A = Elapsed time spent in this place.
 B = Non-inter-level travel time spent in this place.
 C = Inter-level travel time spent in this place.
 D = Time resting spent in this place.
 E = Time spent auto-exploring this place.
 F = Levels seen in this place.
 G = Mean time per level.
                   A        B        C        D        E       F      G
               +--------+--------+--------+--------+--------+-----+--------+
         Total |   3553 |   3482 |     71 |      0 |   2948 |   6 |  592.2 |
       Dungeon |   3553 |   3482 |     71 |      0 |   2948 |   6 |  592.2 |
               +--------+--------+--------+--------+--------+-----+--------+

Top non-repeatable levels by time:
     D:3: 1260 daAuts
     D:1: 1051 daAuts
     D:2: 749 daAuts
     D:4: 457 daAuts
     D:6: 26 daAuts
     D:7: 7 daAuts
